 Dungeon Crawl Stone Soup version 0.30-a0-122-g2a1322497e (webtiles) character file.

Game seed: 2385581487202444896

15 LnG the Trooper (level 2, -2/27 HPs)
             Began as a Hill Orc Fighter on Sept 16, 2022.
             Killed from afar by Jessica (10 damage)
             ... with a puff of flame
             ... on level 2 of the Dungeon.
             The game lasted 00:01:10 (869 turns).

LnG the Trooper (Hill Orc Fighter)                   Turns: 869, Time: 00:01:10

Health: -2/27      AC:  8    Str: 18    XL:     2   Next: 50%
Magic:  2/2        EV:  9    Int:  8    God:
Gold:   50         SH:  4    Dex: 10    Spells: 1/1 levels left

rFire   . . .      SeeInvis .    a - +0 war axe
rCold   . . .      Faith    .    c - +0 buckler
rNeg    . . .      Spirit   .    b - +0 scale mail
rPois   .          Reflect  .    (no helmet)
rElec   .          Harm     .    e - +0 cloak
rCorr   .          Rampage  .    (no gloves)
Will    .....                    (no boots)
Stlth   ..........               (no amulet)
HPRegen 0.09/turn                (no ring)
MPRegen 0.08/turn                (no ring)

@: no status effects
A: no striking features
a: no special abilities


You were on level 2 of the Dungeon.
You visited 1 branch of the dungeon, and saw 2 of its levels.

You collected 50 gold pieces.

Inventory:

Hand Weapons
 a - a +0 war axe (weapon)
Armour
 b - a +0 scale mail (worn)
 c - a +0 buckler (worn)
 e - a +0 cloak (worn)
Jewellery
 h - a ring of ice
Scrolls
 g - a scroll of butterflies {unknown}
Potions
 d - a potion of might
 f - a potion of ambrosia {unknown}
 i - 2 potions of lignification {unknown}
 j - 2 potions of invisibility {unknown}


   Skills:
 + Level 4.0 Fighting
 + Level 2.7 Axes
 + Level 3.7 Armour
 + Level 3.4 Shields


You had one spell level left.
You didn't know any spells.
Your spell library was empty.

Dungeon Overview and Level Annotations

Branches:
Dungeon (2/15)

Altars:

Annotations:
D:2 Jessica


Message History

Done exploring.
Done exploring.
Done exploring.
Done exploring.
Done exploring.
Done exploring.
There is a stone staircase leading down here.
You climb downwards.
There is a stone staircase leading up here.
You open the door.
A rat comes into view.
Found a plate armour.
A rat is nearby!
Jessica the Apprentice Sorceress comes into view.
She is wielding a +0 club, wearing a +2 robe of positive energy and carrying a wand of flame (10).
Jessica shouts!
Jessica zaps a wand.
The puff of flame hits you.
There is an open door here.
You block the rat's attack.
Jessica zaps a wand.
The puff of flame hits you. Jessica barely misses you.
You hit Jessica but do no damage. You hit the rat. You block the rat's attack.
Jessica barely misses you.
You barely miss Jessica. You closely miss the rat.
Jessica casts a spell.
Jessica seems to speed up.
The rat barely misses you.
You hit Jessica but do no damage. You hit the rat.
You kill the rat!
Jessica barely misses you. Jessica hits you with a +0 club.
Jessica barely misses you.
You closely miss Jessica.
Jessica zaps a wand.
The puff of flame hits you. Jessica closely misses you.
You hit Jessica.
Jessica is heavily wounded.
Jessica zaps a wand.
You block the puff of flame. Jessica hits you with a +0 club.
* * * LOW HITPOINT WARNING * * *
You barely miss Jessica.
Jessica is heavily wounded.
Jessica zaps a wand.
The puff of flame hits you!
You die...

##+# ##8.8##
##.....##
##8.....8##
#.........##
8.........8###
.....[.....'.####
8......†..8#.##<#
#.....@@..##.##.#
##8.....8##.....#
##.....#########
##8.8## ##+#


You could see Jessica (fast).

Vanquished Creatures
  An endoplasm (D:1)
  A giant cockroach (D:1)
  3 goblins (D:1)
  2 hobgoblins (D:1)
  2 frilled lizards (D:1)
  A kobold (D:1)
  5 rats
15 creatures vanquished.

Vanquished Creatures (others)
  A fungus (D:1)
1 creature vanquished.

Grand Total: 16 creatures vanquished

Notes
Turn   | Place    | Note
-------+----------+-------------------------------------------
     0 | D:1      | LnG the Hill Orc Fighter began the quest for the Orb.
     0 | D:1      | Reached XP level 1. HP: 19/19 MP: 1/1
   207 | D:1      | Reached XP level 2. HP: 27/27 MP: 2/2
   579 | D:1      | Found a faded altar of an unknown god.
   609 | D:1      | Reached skill level 4 in Fighting
   859 | D:2      | Noticed Jessica
   869 | D:2      | Killed from afar by Jessica

Illustrated notes

Levels and vault maps discovered:
D:1:      dpeg_arrival_prison, layout_basic, dreamdust_ecumenical_altar_grove
D:2:      layout_basic, dk_noncrumbling_4, kennysheep_generic_room_14,
          uniq_natasha, uniq_jessica

Skill      XL: |  1  2 |
---------------+-------+-----
Fighting       | 4 |  4.0
Axes           | |  2.7
Armour         | |  3.7
Shields        | |  3.4

Action                   || total
-------------------------++-------
Melee: War axe           ||    41
Armor: Scale mail        ||    15
Dodge: Dodged            ||    18
Block: Buckler           ||    10

Table legend: (Time is in decaauts)
 A = Elapsed time spent in this place.
 B = Non-inter-level travel time spent in this place.
 C = Inter-level travel time spent in this place.
 D = Time resting spent in this place.
 E = Time spent auto-exploring this place.
 F = Levels seen in this place.
 G = Mean time per level.
                   A        B        C        D        E       F      G
               +--------+--------+--------+--------+--------+-----+--------+
         Total |    885 |    871 |     14 |    171 |    580 |   2 |  442.5 |
       Dungeon |    885 |    871 |     14 |    171 |    580 |   2 |  442.5 |
               +--------+--------+--------+--------+--------+-----+--------+

Top non-repeatable levels by time:
     D:1: 864 daAuts
     D:2: 20 daAuts
